 Dungeon Crawl Stone Soup version 0.29.1-15-g9cfb28693d (webtiles) character file.

Game seed: 15881126300441809462

53 Heoruswealwe the Magician (level 3, 0/19 HPs)
             Began as a Deep Elf Earth Elementalist on Apr 9, 2023.
             Slain by an orc
             ... wielding a +0 falchion
              (7 damage)
             ... on level 3 of the Dungeon.
             The game lasted 00:16:05 (1704 turns).

Heoruswealwe the Magician (DEEE)                    Turns: 1704, Time: 00:16:08

Health: 0/19       AC:  2    Str: -4 (5)  XL:     3   Next: 62%
Magic:  6/10       EV: 12    Int: 21      God:
Gold:   172        SH:  0    Dex:  8 (15) Spells: 4/10 levels left

rFire   . . .      SeeInvis +   (no weapon)
rCold   . . .      Faith    .   (no shield)
rNeg    . . .      Spirit   .   a - +0 robe
rPois   .          Reflect  .   (no helmet)
rElec   .          Harm     .   (no cloak)
rCorr   .          Rampage  .   (no gloves)
Will    .....                   (no boots)
Stlth   ++........              (no amulet)
HPRegen 0.00/turn               j - ring of see invisible
MPRegen 0.12/turn               (no ring)

@: inhibited regen, slowed, lost strength, very slow
A: no striking features
a: no special abilities


You were on level 3 of the Dungeon.
You visited 1 branch of the dungeon, and saw 3 of its levels.

You collected 172 gold pieces.

Inventory:

Armour
 a - a +0 robe (worn)
 i - a +0 robe
 l - a scarf of resistance
Jewellery
 j - a ring of see invisible (left hand)
Scrolls
 c - a scroll of butterflies {unknown}
 d - a scroll of enchant armour {unknown}
 e - 5 scrolls of identify {unknown}
 g - 3 scrolls of teleportation {unknown}
 h - a scroll of immolation {unknown}
 k - 2 scrolls of acquirement {unknown}
 m - a scroll of noise {unknown}
Potions
 b - a potion of magic
 f - a potion of berserk rage {unknown}
 n - a potion of curing {unknown}
 o - a potion of flight {unknown}


   Skills:
 - Level 2.4 Dodging
 - Level 2.4 Stealth
 + Level 4.4 Spellcasting
 - Level 1.1 Transmutations
 + Level 4.3 Earth Magic


You had 4 spell levels left.
You knew the following spells:

 Your Spells              Type           Power      Damage    Failure   Level
a - Sandblast             Erth           44%        2d11      1%          1
b - Stone Arrow           Conj/Erth      26%        3d8       14%         3
z - Passwall              Tmut/Erth      13%        N/A       6%          2

Your spell library contained the following spells:

 Spells                   Type           Power      Damage    Failure   Level
 Ignite Poison            Fire/Tmut/Pois 6%         N/A       30%         3
 Conjure Flame            Conj/Fire      4%         6-21      34%         3
 Petrify                  Tmut/Erth      16%        N/A       36%         4
 Sticky Flame             Conj/Fire      4%         2d3       75%         4


Dungeon Overview and Level Annotations

Branches:
Dungeon (3/15)

Altars:
Cheibriados

Shops:
D:1 (


Message History

Done exploring.
Done exploring.
Done exploring.
Done exploring.
Search for what [Enter for "."]? .
There is an escape hatch in the floor here.
You slide downwards.
The hatch slams shut behind you.
Found a stone staircase leading down.
A ball python comes into view.
The ball python hisses angrily.
An orc comes into view. It is wielding a +0 falchion.
The blast of sand hits the ball python.
You kill the ball python!
You see here a ball python corpse.
An orc comes into view. It is wielding a +0 flail.
An orc comes into view. It is wielding a +0 dagger.
The orc shouts!
An orc comes into view. It is wielding a +0 hand axe.
The orc shouts!
The blast of sand hits the orc but does no damage.
The orc shouts! x2
The blast of sand hits the orc!
The orc is almost dead.
The orc hits you with a +0 dagger. x2
The blast of sand hits the orc!
You kill the orc!
The orc hits you with a +0 falchion.
The blast of sand hits the orc.
The orc is heavily wounded.
The orc hits you with a +0 falchion. The orc barely misses you.
You are too injured to fight recklessly!
Casting: Sandblast (safe; 1% risk of failure)
Confirm with . or Enter, or press ? or * to list all spells.
Aiming: Sandblast (safe; 1% risk of failure)
Press: ? - help, Shift-Dir - straight line, f/p - orc
Aim: an orc, wielding a +0 falchion (heavily wounded, 83% to hit)
The blast of sand misses the orc.
The blast of sand hits the orc!
You kill the orc!
The orc hits you with a +0 falchion!
You die...

#..... ##.#.#.
....#.######
.........>###
#...........
#........#
.###........#
............####.###.
.###.......†.@oo.....
#####.##.####.....
#....# #.. #.##.#
#.##.# #.##.# .....#
###...


You could see 2 orcs.

Vanquished Creatures
  2 worms (D:2)
  2 orcs (D:3)
  2 endoplasms
  2 giant cockroaches (D:2)
  2 goblins (D:1)
  7 hobgoblins
  7 kobolds
  3 quokkas
  8 ball pythons
  A bat (D:1)
  4 frilled lizards (D:1)
  4 rats
44 creatures vanquished.

Notes
Turn   | Place    | Note
-------+----------+-------------------------------------------
     0 | D:1      | Heoruswealwe the Deep Elf Earth Elementalist began the
                  | quest for the Orb.
     0 | D:1      | Reached XP level 1. HP: 10/10 MP: 6/6
   114 | D:1      | Found a faded altar of an unknown god.
   145 | D:1      | Reached XP level 2. HP: 15/15 MP: 0/8
   148 | D:1      | Learned a level 2 spell: Passwall
   247 | D:1      | Prayed at the altar of an unknown god.
   247 | D:1      | Became a worshipper of Cheibriados the Contemplative
   247 | D:1      | Reached * piety under Cheibriados
   248 | D:1      | Fell from the grace of Cheibriados
   553 | D:1      | Found Madigu's Weapon Shop.
   781 | D:2      | Reached XP level 3. HP: 19/19 MP: 7/10
   785 | D:2      | Learned a level 3 spell: Stone Arrow
   804 | D:2      | Lost strength.
  1704 | D:3      | Slain by an orc

Illustrated notes

Levels and vault maps discovered:
D:1:      psy_arrival_radial01, layout_basic, basic_ecumenical_altar,
          serial_shops, shop
D:2:      layout_basic, serial_rivers, chequers_serial_rivers_micro_c,
          chequers_serial_rivers_micro_b, chequers_serial_rivers_micro_b,
          chequers_serial_rivers_marsh, chequers_serial_rivers_micro_a
D:3:      layout_basic, uniq_robin

Skill      XL: |  1  2 |
---------------+-------+-----
Spellcasting   | 4 |  4.4
Earth Magic    | 4 |  4.3
Dodging        | |  2.4
Stealth        | |  2.4
Transmutations | |  1.1

Action                   || total
-------------------------++-------
Melee: Unarmed           ||     3
 Cast: Sandblast         ||    57
       Passwall          ||     3
Invok: Renounce Religion ||     1
Armor: Robe              ||     1
Dodge: Dodged            ||    16
